 Dungeon Crawl Stone Soup version 0.22-a0-305-gd21a89c (webtiles) character file.

1813 xccam the Carver (level 9, -5/64 HPs)
             Began as a Formicid Fighter on Mar 29, 2018.
             Was a Follower of Cheibriados.
             Slain by a killer bee (6 damage)
             ... on level 7 of the Dungeon.
             The game lasted 00:12:03 (6974 turns).

xccam the Carver (Formicid Fighter)                 Turns: 6974, Time: 00:12:04

Health: -5/64      AC:  6    Str: 24    XL:     9   Next: 31%
Magic:  9/9        EV: 10    Int: 11    God:    Cheibriados [*.....]
Gold:   415        SH: 12    Dex: 13    Spells: 8/8 levels left

rFire    . . .     SeeInvis +   a - +0 long sword
rCold    . . .     Gourm    .   c - +0 shield
rNeg     . . .     Faith    .   k - +0 ring mail "Kaadwoll" {rPois MR+} (curse)
rPois    +         Spirit   .   (helmet unavailable)
rElec    .         Reflect  .   x - +0 cloak
rCorr    .         Harm     .   (no gloves)
MR       +....                  (no boots)
Stlth    ++........             (no amulet)
HPRegen  0.20/turn              d - ring of stealth
MPRegen  0.11/turn              (no ring)

@: very slow
A: permanent stasis, dig shafts and tunnels, four strong arms, antennae 3
a: Dig, Shaft Self, Bend Time, Renounce Religion


You were on level 7 of the Dungeon.
You worshipped Cheibriados.
Cheibriados was aware of your devotion.
You were very hungry.

You visited 2 branches of the dungeon, and saw 8 of its levels.

You collected 415 gold pieces.

Inventory:

Hand Weapons
 a - a +0 long sword (weapon)
Armour
 c - a +0 shield (worn)
 k - the cursed +0 ring mail "Kaadwoll" (worn) {rPois MR+}
   (You found it on level 4 of the Dungeon)

   It protects you from poison.
   It affects your resistance to hostile enchantments.
   It has a curse placed upon it.
 n - a +0 plate armour
 x - a +0 cloak (worn)
 B - the +0 ring mail "Ziell" {rElec Dex+7}
   (You found it on level 5 of the Dungeon)

   It affects your dexterity (+7).
   It insulates you from electricity.
Jewellery
 d - a ring of stealth (left hand)
Wands
 e - a wand of polymorph (10)
 j - a wand of enslavement (6)
 q - a wand of random effects (25)
 v - a wand of flame (51)
 w - a wand of digging (2)
 C - a wand of paralysis (10)
Scrolls
 b - a scroll of fear {unknown}
 g - 2 scrolls of random uselessness {unknown}
 i - a scroll of amnesia {unknown}
 s - a scroll of enchant weapon {unknown}
 y - a scroll of magic mapping {unknown}
 z - 2 scrolls of immolation {unknown}
 A - 4 scrolls of identify
Potions
 h - a potion of haste {unknown}
 l - a potion of lignification
 m - 2 potions of flight {unknown}
 o - 2 potions of resistance
 p - a potion of brilliance
 t - a potion of agility {unknown}
 u - 3 potions of cancellation
 D - a potion of ambrosia {unknown}
Comestibles
 f - 14 rations


   Skills:
 - Level 3.2 Fighting
 * Level 9.8 Long Blades
 - Level 3.2 Armour
 + Level 8.4 Shields


You had 8 spell levels left.
You didn't know any spells.

Dungeon Overview and Level Annotations

Branches:
Dungeon (7/15)             Temple (1/1) D:6

Altars:
Ashenzari
Cheibriados
Elyvilon
Fedhas
Gozag
Hepliaklqana
Kikubaaqudgha
Makhleb
Nemelex Xobeh
Okawaru
Qazlal
Ru
Sif Muna
Trog
Uskayaw
Vehumet
Wu Jian
Xom
Yredelemnul
Zin
The Shining One


Innate Abilities, Weirdness & Mutations

You cannot be hasted, slowed, berserked, paralysed or teleported.
You can dig through walls and to a lower floor.
Your four strong arms can wield two-handed weapons with a shield.
You have a pair of large antennae on your head. (SInv)


Message History

Evoke which item? (* to show all) (? for menu, Esc to quit)
Aiming: Paralyse
Press: ? - help, Shift-Dir - straight line, f/p - killer bee
Aim: a killer bee (moderately wounded, chance to defeat MR: 54%)
The killer bee suddenly stops moving!
You feel sick.
You feel sick.
You are no longer poisoned.
The killer bee stings you!
* * * LOW HITPOINT WARNING * * *
The killer bee stings you.
* * * LOW HITPOINT WARNING * * *
The killer bee stings you!
* * * LOW HITPOINT WARNING * * *
Evoke which item? (* to show all) (? for menu, Esc to quit)
Aiming: Paralyse
Press: ? - help, Shift-Dir - straight line, f - killer bee, p - killer bee
Aim: a killer bee (chance to defeat MR: 54%)
The killer bee suddenly stops moving!
The killer bee stings you.
You die...

##...#...........#.# .#
###.###...........#.# .###
#..........†..._....# ...#
##..####.####........## ###.#.#
....##.....##.......y.# #......
....#.......#...#...#.#####{.....
....#.......#...#####..{..yy.....
........_.....yy###########......
###.#.......#..y@.†....####......
#.#.......#...######...........
#.##.....##...# ######......
###.####.####.### #......
..............## #....>.
#...######.....# #...... #.###
#.....# ####### ..### #.....#
........ ......#


You could see 3 killer bees.

Vanquished Creatures
  A water moccasin (D:6)
  An ice beast (D:7)
  An orc warrior (D:7)
  2 sky beasts
  A black bear (D:6)
  2 ogres
  2 centaurs
  2 bullfrogs
  A scorpion (D:6)
  2 killer bees (D:7)
  A crimson imp (D:5)
  2 jellies
  An orc priest (D:5)
  2 orc wizards
  Crazy Yiuf (D:3)
  Natasha (thrice) (D:3)
  2 iguanas
  3 worker ants
  A hound zombie (D:5)
  A howler monkey zombie (D:7)
  A howler monkey skeleton (D:6)
  6 adders
  A shadow imp (D:5)
  An ooze (D:1)
  3 adder skeletons
  4 worms
  4 dart slugs (D:1)
  A leopard gecko (D:2)
  17 orcs
  4 giant cockroaches
  8 goblins
  6 hobgoblins
  11 jackals (D:1)
  14 kobolds
  3 quokkas
  2 ball pythons (D:3)
  8 bats
  3 frilled lizards
  8 rats
137 creatures vanquished.

Notes
Turn   | Place    | Note
-------+----------+-------------------------------------------
     0 | D:1      | xccam the Formicid Fighter began the quest for the Orb.
     0 | D:1      | Reached XP level 1. HP: 18/18 MP: 1/1
    96 | D:1      | Reached XP level 2. HP: 21/24 MP: 2/2
   161 | D:1      | Reached skill level 3 in Long Blades
   178 | D:1      | Reached XP level 3. HP: 27/29 MP: 3/3
   777 | D:1      | Reached skill level 4 in Long Blades
   777 | D:1      | Reached XP level 4. HP: 35/35 MP: 4/4
  1426 | D:2      | Found a sacrificial altar of Ru.
  1465 | D:2      | Found a blossoming altar of Fedhas.
  1465 | D:2      | Found a stormy altar of Qazlal.
  1530 | D:2      | Reached XP level 5. HP: 29/41 MP: 5/5
  2211 | D:3      | Noticed Natasha
  2230 | D:3      | Killed Natasha
  2230 | D:3      | Reached skill level 5 in Long Blades
  2624 | D:3      | Noticed Natasha
  2632 | D:3      | Killed Natasha
  2632 | D:3      | Reached XP level 6. HP: 47/47 MP: 6/6
  2666 | D:3      | Found a runed door.
  2689 | D:3      | Found a bloodstained altar of Trog.
  2788 | D:3      | Noticed Natasha
  2800 | D:3      | Killed Natasha
  3063 | D:3      | Noticed Crazy Yiuf
  3067 | D:3      | Killed Crazy Yiuf
  3150 | D:4      | Found an ornate altar of the Wu Jian Council.
  3196 | D:4      | Reached skill level 5 in Shields
  3332 | D:4      | Got a jewelled ring mail
  3343 | D:4      | Identified the cursed +0 ring mail "Kaadwoll" {rPois MR+} (You found it on level 4 of the Dungeon)
  3377 | D:4      | Found a basalt altar of Yredelemnul.
  3430 | D:4      | Found a white marble altar of Elyvilon.
  3567 | D:4      | Reached skill level 6 in Long Blades
  3777 | D:5      | Entered Level 5 of the Dungeon
  3824 | D:5      | Reached XP level 7. HP: 52/52 MP: 7/7
  4235 | D:5      | Got a dazzling ring mail
  4236 | D:5      | Identified the +0 ring mail "Ziell" {rElec Dex+7} (You found it on level 5 of the Dungeon)
  4271 | D:5      | Found a glowing golden altar of the Shining One.
  4364 | D:5      | Reached skill level 7 in Long Blades
  4612 | D:5      | Reached XP level 8. HP: 54/58 MP: 8/8
  4977 | D:6      | Reached skill level 8 in Long Blades
  5458 | D:6      | HP: 1/58 [water moccasin (5)]
  5764 | D:6      | Found a staircase to the Ecumenical Temple.
  5772 | Temple   | Entered the Ecumenical Temple
  5809 | Temple   | Became a worshipper of Cheibriados the Contemplative
  6225 | D:7      | Found a deep blue altar of Sif Muna.
  6291 | D:7      | Reached skill level 9 in Long Blades
  6291 | D:7      | Reached XP level 9. HP: 28/64 MP: 9/9
  6783 | D:7      | Found a glowing silver altar of Zin.
  6784 | D:7      | Found an opulent altar of Gozag.
  6848 | D:7      | Found a burning altar of Makhleb.
  6859 | D:7      | Found a shimmering altar of Xom.
  6922 | D:7      | Reached * piety under Cheibriados
  6938 | D:7      | HP: 3/64 [killer bee (4)]
  6973 | D:7      | HP: 1/64 [killer bee (7)]
  6974 | D:7      | Slain by a killer bee

Vault maps used:
D:1:      onia_arrival_mini_maze, serial_bayou_pond_a
D:2:      grunt_temple_overflow_forces_of_nature,
          nicolae_ru_the_path_less_chosen
D:3:      bloody_trog, first_ration, serial_corexii_hall,
          corexii_hall_statues_l, corexii_hall_statues_s,
          kennysheep_decorative_pillar, st_stairs_5, uniq_natasha,
          uniq_crazy_yiuf_cottage
D:4:      kennysheep_ying_yang, overflow_temple_1_default
D:5:      basic_altar
D:6:      minmay_temple_entry_glassed_door, lightli_corner_chamber
D:7:      marbit_many_paths, old_standard_altar,
          grunt_temple_overflow_gold_and_silver, basic_altar
Temple:   jpeg_temple_island

Skill      XL: |  1  2  3  4  5  6  7  8  9 |
---------------+----------------------------+-----
Long Blades    | 3 4 5 6 7 9 |  9.8
Shields        | 4 5 6 7 8 |  8.4
Fighting       | |  3.2
Armour         | |  3.2

Action                   |  1- 3 |  4- 6 |  7- 9 || total
-------------------------+-------+-------+-------++-------
Melee: Long sword        |   123 |   261 |   265 ||   649
Evoke: Wand              |       |       |     6 ||     6
  Use: Scroll            |       |       |     5 ||     5
       Potion            |       |       |    10 ||    10
 Stab: Sleeping          |       |       |     1 ||     1
  Eat: Chunk             |       |    10 |     6 ||    16
       Ration            |       |       |     1 ||     1
Armor: Scale mail        |    64 |   104 |       ||   168
       Ring mail         |       |     2 |    48 ||    50
       Skin              |       |       |    73 ||    73
Dodge: Dodged            |    47 |    92 |    93 ||   232
Block: Shield            |    49 |   132 |   194 ||   375
       Rpst.: Long sword |    17 |    34 |    26 ||    77

Table legend:
 A = Spawn XP
 B = Non-spawn XP
 C = Spawn XP percentage of total XP
 D = Spawn monster count
 E = Non-spawn monster count
 F = Spawn count percentage of total count
 G = Total turns spent on level
                    A         B        C        D         E        F      G
               +---------+---------+-------+---------+---------+-------+---------
         Total |       0 |    2590 |   0.0 |       0 |     137 |   0.0 |  6974
               +---------+---------+-------+---------+---------+-------+---------
           D:1 |       0 |      73 |   0.0 |       0 |      35 |   0.0 |   973
           D:2 |       0 |      76 |   0.0 |       0 |      20 |   0.0 |   948
           D:3 |       0 |     205 |   0.0 |       0 |      28 |   0.0 |  1210
           D:4 |       0 |     163 |   0.0 |       0 |      12 |   0.0 |   646
           D:5 |       0 |     673 |   0.0 |       0 |      17 |   0.0 |  1127
           D:6 |       0 |     596 |   0.0 |       0 |      13 |   0.0 |  1205
           D:7 |       0 |     804 |   0.0 |       0 |      12 |   0.0 |   793
               +---------+---------+-------+---------+---------+-------+---------
